 Dungeon Crawl Stone Soup version 0.28-a0-1190-g77e1c55843 (webtiles) character file.

Game seed: 11796993136623783515

4438 blank1 the Basher (level 10, 0/93 HPs)
             Began as a Minotaur Fighter on Dec 19, 2021.
             Was a Believer of Okawaru.
             Slain by a yak (11 damage)
             ... on level 9 of the Dungeon.
             The game lasted 00:18:54 (8772 turns).

blank1 the Basher (Minotaur Fighter)                Turns: 8772, Time: 00:18:55

Health: 0/93       AC: -3    Str: 23    XL:     10   Next: 14%
Magic:  12/12      EV:  6    Int:  5    God:    Okawaru [**....]
Gold:   457        SH:  9    Dex: 12    Spells: 9/9 levels left

rFire   + . .      SeeInvis .   o - +1 morningstar (venom)
rCold   . . .      Faith    .   i - +1 kite shield
rNeg    . . .      Spirit   .   q - +0 plate armour
rPois   +          Reflect  .   (helmet restricted)
rElec   .          Harm     .   D - +0 cloak
rCorr   .          Rampage  .   (no gloves)
Will    .....                   m - +0 pair of boots
Stlth   ..........              (no amulet)
HPRegen 0.25/turn               F - ring of protection from fire
MPRegen 0.13/turn               G - ring of poison resistance

@: about to teleport, corroded, studying 2 skills
A: horns 2, retaliatory headbutt
a: Renounce Religion, Heroism


You were on level 9 of the Dungeon.
You worshipped Okawaru.
Okawaru was pleased with you.
You visited 2 branches of the dungeon, and saw 10 of its levels.
You also visited: Sewer.

You collected 457 gold pieces.

Inventory:

Hand Weapons
 o - a +1 morningstar of venom (weapon)
Missiles
 n - 6 javelins (quivered)
 E - 2 throwing nets
Armour
 i - a +1 kite shield (worn)
 m - a +0 pair of boots (worn)
 q - a +0 plate armour (worn)
 D - a +0 cloak (worn)
Jewellery
 x - a ring of positive energy
 F - a ring of protection from fire (left hand)
 G - a ring of poison resistance (right hand)
Wands
 c - a wand of mindburst (14)
 B - a wand of acid (6)
 C - a wand of polymorph (7)
Scrolls
 d - 2 scrolls of fear
 f - 4 scrolls of blinking
 g - 2 scrolls of enchant armour
 h - 3 scrolls of teleportation
 l - 2 scrolls of enchant weapon
 v - 4 scrolls of vulnerability
 y - 2 scrolls of fog
 A - 2 scrolls of torment {unknown}
 H - 2 scrolls of silence {unknown}
Potions
 a - 2 potions of heal wounds
 b - a potion of lignification {unknown}
 e - 2 potions of cancellation {unknown}
 j - a potion of curing
 k - a potion of flight
 p - 4 potions of invisibility
 r - 3 potions of resistance
 s - 3 potions of haste
 t - 4 potions of brilliance {unknown}
 u - 3 potions of magic
 w - 2 potions of might
 z - 2 potions of mutation {unknown}


   Skills:
 + Level 9.9 Fighting
 - Level 14.0 Maces & Flails
 - Level 8.0 Armour
 + Level 5.5 Dodging
 - Level 4.0 Shields
 - Level 4.0 Invocations


You had 9 spell levels left.
You didn't know any spells.
Your spell library contained the following spells:

 Spells                   Type           Power      Damage    Failure   Level
 Corpse Rot               Necr/Air       0%         N/A       100%        2
 Poisonous Vapours        Pois/Air       0%         N/A       100%        2


Dungeon Overview and Level Annotations

Branches:
Dungeon (9/15)             Temple (1/1) D:4           Sewer (visited)
   Lair: D:8-11         Orc: D:9-12

Altars:
Ashenzari
Cheibriados
Dithmenos
Elyvilon
Fedhas
Gozag
Hepliaklqana
Kikubaaqudgha
Nemelex Xobeh
Okawaru
Qazlal
Ru
Sif Muna
Uskayaw
Xom
Yredelemnul
Zin
The Shining One

Shops:
D:4 *

Annotations:
D:9 Pikel


Innate Abilities, Weirdness & Mutations

You have a pair of horns on your head.
You reflexively headbutt those who attack you in melee.


Message History

You block the rust devil's attack. The yak gores you.
Unknown command.
You barely miss the kobold demonologist.
The kobold demonologist is moderately wounded.
You feel sick.
The kobold demonologist mumbles some strange words.
A kobold brigand comes into view.
It is wielding a +0 whip and quivering poisoned darts.
The orc warrior hits you with a +0 scimitar!!
The rust devil hits you. The rust devil corrodes you!
The yak completely misses you.
You closely miss the kobold demonologist.
You headbutt the kobold demonologist.
The kobold demonologist is heavily wounded.
You feel sick.
The ufetubus disappears in a puff of smoke!
The kobold demonologist hits you with a +2 dagger of venom.
The orc warrior hits you but does no damage.
The rust devil hits you. The rust devil corrodes you!
You block the yak's attack.
The shadow imp shouts, "Quail, thou mewling milk-livered wormtrail!"
Unknown command.
As you read the scroll of teleportation, it crumbles to dust.
You feel strangely unstable.
You feel sick.
You are no longer poisoned.
The kobold demonologist looks braver for a moment.
The rust devil hits you! The rust devil corrodes you!
The orc warrior hits you with a +0 scimitar!
* * * LOW HITPOINT WARNING * * *
The yak gores you!
* * * LOW HITPOINT WARNING * * *
Unknown command.
You feel much better.
You block the kobold demonologist's attack.
The rust devil hits you.
* * * LOW HITPOINT WARNING * * *
The rust devil corrodes you! You block the orc warrior's attack.
The yak gores you.
* * * LOW HITPOINT WARNING * * *
The yak gores you!
You die...

....#.†.#.#...#..........
..
....#####.#####..........
..
....#...#.#...#..........
..
...##.#.#.#.#.#..........
##
#####.#.}...#.#.......K..
...##.#######.###'#
...#..### #.##..#
........# #..))##
........+ ####@####§§.
........# #4KYo§Z§§§
........# #.oKoK#§§.
...>....# ...555.#
........# ###.....#
........# #.....#
......... #......
.......# ####.###


You could see a rust devil (summoned), a kobold demonologist, a yak, an orc
warrior, 2 kobold brigands, an orc priest, 2 shadow imps, an orc, an ufetubus
(summoned) and a howler monkey zombie.

Vanquished Creatures
  Maurice (D:8)
  2 trolls
  A hornet (D:7)
  A yak (D:9)
  A wyvern (D:9)
  A steam dragon (D:5)
  Eustachio (D:6)
  Menkaure (D:6)
  3 water moccasins
  An ice beast (D:9)
  2 orc warriors (D:7)
  A hornet zombie (D:8)
  3 necrophages
  3 ogres
  3 centaurs
  2 lemures (D:9)
  A kobold brigand (D:7)
  A bullfrog (D:9)
  A wyvern zombie (D:8)
  A scorpion (D:6)
  A water moccasin zombie (D:6)
  A water moccasin skeleton (D:5)
  9 wights
  A centaur zombie (D:6)
  2 hounds
  2 bullfrog skeletons
  2 orc priests
  2 iguanas
  3 orc wizards
  A killer bee zombie (D:7)
  2 centaur simulacra (D:9)
  A hound skeleton (D:4)
  3 gnolls (D:5)
  4 adders
  4 river rats
  A shadow imp (D:6)
  2 white imps
  An ufetubus (D:9)
  3 adder skeletons (D:4)
  2 dart slugs
  23 orcs
  10 ball pythons
  3 endoplasms
  9 giant cockroaches
  4 goblins
  10 hobgoblins
  9 frilled lizards
  27 kobolds
  25 rats
198 creatures vanquished.

Notes
Turn   | Place    | Note
-------+----------+-------------------------------------------
     0 | D:1      | blank1 the Minotaur Fighter began the quest for the Orb.
     0 | D:1      | Reached XP level 1. HP: 19/19 MP: 0/0
   504 | D:1      | Reached XP level 2. HP: 27/27 MP: 1/1
   758 | D:2      | Found a faded altar of an unknown god.
  1050 | D:2      | Reached skill level 1 in Dodging
  1126 | D:2      | You fall into a shaft and drop 2 floors!
  1126 | D:4      | Noticed an ogre
  1132 | D:4      | Killed an ogre
  1133 | D:4      | Reached skill level 4 in Maces & Flails
  1133 | D:4      | Reached XP level 3. HP: 7/33 MP: 2/2
  1133 | D:4      | Reached XP level 4. HP: 8/40 MP: 3/3
  1243 | D:4      | Found a glowing drain.
  1248 | D:4      | Reached XP level 5. HP: 18/47 MP: 4/4
  1251 | Sewer    | Entered a sewer
  1922 | Sewer    | Reached skill level 5 in Maces & Flails
  1923 | Sewer    | Reached skill level 5 in Fighting
  3074 | D:2      | Found a white marble altar of Elyvilon.
  3402 | D:4      | Found a blossoming altar of Fedhas.
  3456 | D:4      | Reached XP level 6. HP: 55/56 MP: 5/5
  3653 | D:4      | Found a staircase to the Ecumenical Temple.
  3663 | Temple   | Entered the Ecumenical Temple
  3956 | D:4      | Found Nauhe's General Store.
  3977 | D:5      | Entered Level 5 of the Dungeon
  3983 | D:5      | Reached skill level 6 in Maces & Flails
  4009 | D:5      | Identified a scroll of acquirement
  4009 | D:5      | Acquired a manual of Maces & Flails
  4166 | D:5      | Reached XP level 7. HP: 20/63 MP: 6/6
  4589 | D:5      | Reached skill level 7 in Maces & Flails
  4712 | D:5      | Noticed a steam dragon
  4718 | D:5      | Killed a steam dragon
  4719 | D:5      | Reached skill level 8 in Maces & Flails
  4719 | D:5      | Reached skill level 5 in Armour
  5064 | D:6      | Reached skill level 9 in Maces & Flails
  5100 | D:6      | Reached skill level 10 in Maces & Flails
  5100 | D:6      | Reached XP level 8. HP: 52/70 MP: 7/7
  5111 | D:6      | Reached skill level 11 in Maces & Flails
  5268 | D:6      | Noticed Menkaure
  5420 | D:6      | Killed Menkaure
  5421 | D:6      | Reached skill level 12 in Maces & Flails
  5480 | D:5      | Reached skill level 13 in Maces & Flails
  5652 | D:6      | Found a glowing golden altar of the Shining One.
  5674 | D:6      | Found a shimmering altar of Xom.
  5680 | D:6      | Reached skill level 14 in Maces & Flails
  5906 | D:6      | Noticed Eustachio
  5926 | D:6      | Killed Eustachio
  5951 | D:6      | Found a glowing silver altar of Zin.
  5951 | D:6      | Noticed an angel
  5989 | D:6      | Found a snail-covered altar of Cheibriados.
  6008 | D:6      | Found an iron altar of Okawaru.
  6020 | D:6      | Became a worshipper of Warmaster Okawaru
  6354 | D:7      | Reached skill level 1 in Invocations
  6409 | D:7      | Reached XP level 9. HP: 78/78 MP: 8/8
  6472 | D:7      | Noticed a troll
  6480 | D:7      | Killed a troll
  7403 | D:8      | Noticed Maurice
  7691 | D:8      | Reached * piety under Okawaru
  7751 | D:7      | Paralysed by a hornet for 1 turns
  7929 | D:8      | Found a broken altar of Ashenzari.
  8233 | D:8      | Killed Maurice
  8319 | D:9      | Found a sacrificial altar of Ru.
  8356 | D:9      | Found a shadowy altar of Dithmenos.
  8560 | D:9      | Reached skill level 5 in Dodging
  8560 | D:9      | Reached XP level 10. HP: 79/91 MP: 12/12
  8588 | D:9      | Reached ** piety under Okawaru
  8764 | D:9      | Noticed a rust devil
  8765 | D:9      | Noticed Pikel
  8770 | D:9      | HP: 1/93 [yak (16)]
  8772 | D:9      | Slain by a yak

Illustrated notes

Levels and vault maps discovered:
D:1:      lightli_molten_gateway, layout_loops_cross
D:2:      layout_loops_corners, chequers_ecumenical_altar_island, basic_altar
D:3:      layout_rooms, guppyfry_early_orc_mine
D:4:      layout_cave_pools, fedhas_altar_4, minmay_temple_entry_trees,
          portal_sewer_entry_e, serial_shops, shop, nicolae_underground_beach
D:5:      layout_basic
D:6:      layout_rooms, mainiacjoe_overflow_alcove_1, okawaru_trees_2,
          mainiacjoe_overflow_chevrons, zin_angel, mainiacjoe_overflow_24_doors,
          dk_rats_in_the_wall, uniq_menkaure, uniq_eustachio
D:7:      layout_gridville
D:8:      layout_rooms, evilmike_ruin_ashenzari, uniq_maurice
D:9:      layout_roguey, grunt_temple_overflow_open,
          nicolae_ru_sacrificial_ziggurat, serial_ice, serial_ice_k,
          serial_ice_n, serial_ice_m, serial_ice_h, grunt_ministairs_2,
          minmay_misc_feat_ornament, kennysheep_nub, uniq_pikel
Temple:   jpeg_temple_island

Skill      XL: |  1  2  3  4  5  6  7  8  9 10 |
---------------+-------------------------------+-----
Dodging        | 2 4 5 |  5.5
Shields        | 4 |  4.0
Fighting       | 4 5 6 9 |  9.9
Maces & Flails | 4 5 6 10 14 | 14.0
Armour         | 4 5 7 8 |  8.0
Invocations    | 1 4 |  4.0

Action                   |  1- 3 |  4- 6 |  7- 9 | 10-12 || total
-------------------------+-------+-------+-------+-------++-------
Melee: Flail             |    43 |   157 |       |       ||   200
       Headbutt          |     6 |    32 |    47 |     9 ||    94
       Morningstar       |       |    55 |   230 |    38 ||   323
  Use: Scroll            |     2 |    11 |     4 |     1 ||    18
       Potion            |     1 |       |     1 |     1 ||     3
Armor: Scale mail        |    18 |   104 |     9 |       ||   131
       Chain mail        |       |       |    74 |       ||    74
       Plate armour      |       |       |    35 |    35 ||    70
Dodge: Dodged            |    11 |   108 |    76 |    11 ||   206
Block: Kite shield       |    22 |   114 |   116 |    29 ||   281

Table legend: (Time is in decaauts)
 A = Elapsed time spent in this place.
 B = Non-inter-level travel time spent in this place.
 C = Inter-level travel time spent in this place.
 D = Time resting spent in this place.
 E = Time spent auto-exploring this place.
 F = Levels seen in this place.
 G = Mean time per level.
                   A        B        C        D        E       F      G
               +--------+--------+--------+--------+--------+-----+--------+
         Total |   8966 |   8655 |    311 |   1452 |   5126 |  11 |  815.1 |
       Dungeon |   7726 |   7424 |    302 |   1096 |   4662 |   9 |  858.4 |
        Temple |    235 |    226 |      9 |      0 |    213 |   1 |  235.0 |
         Sewer |   1004 |   1004 |      0 |    356 |    251 |   1 | 1004.0 |
               +--------+--------+--------+--------+--------+-----+--------+

Top non-repeatable levels by time:
     D:7: 1434 daAuts
     D:5: 1326 daAuts
     D:6: 1058 daAuts
   Sewer: 1004 daAuts
     D:2: 962 daAuts
     D:4: 718 daAuts
     D:1: 683 daAuts
     D:3: 538 daAuts
     D:9: 535 daAuts
     D:8: 469 daAuts
  Temple: 235 daAuts
